 Dungeon Crawl Stone Soup version 0.29.1-1-gd02db6906a (webtiles) character file.

Game seed: 4041624199813095456

267 Metae the Shield-Bearer (level 6, -3/55 HPs)
             Began as a Minotaur Fighter on Sept 27, 2022.
             Succumbed to a gnoll's poison
             ... on level 4 of the Dungeon.
             The game lasted 00:09:12 (3446 turns).

Metae the Shield-Bearer (Minotaur Fighter)          Turns: 3446, Time: 00:09:13

Health: -3/55      AC:  7    Str: 24 (27) XL:     6   Next: 0%
Magic:  5/5        EV:  9    Int:  1 (4)  God:
Gold:   232        SH:  4    Dex:  7 (8)  Spells: 5/5 levels left

rFire   + . .      SeeInvis +   a - +1 trident of Massacring {vamp, rF+ SInv}
rCold   . . .      Faith    +   c - +0 buckler
rNeg    + . .      Spirit   .   o - +0 scale mail
rPois   .          Reflect  .   (helmet restricted)
rElec   .          Harm     .   (no cloak)
rCorr   .          Rampage  .   (no gloves)
Will    .....                   (no boots)
Stlth   ..........              y - amulet of faith
HPRegen 0.18/turn               r - ring of positive energy
MPRegen 0.09/turn               (no ring)

@: brilliant, lethally poisoned (-3 -> -19)
A: horns 2, retaliatory headbutt, strong 1, devolution 1
a: no special abilities


You were on level 4 of the Dungeon.
You visited 1 branch of the dungeon, and saw 5 of its levels.

You collected 232 gold pieces.

Inventory:

Hand Weapons
 a - the +1 trident of Massacring (weapon) {vamp, rF+ SInv}
   (You found it on level 2 of the Dungeon)

   It occasionally heals its wielder for a portion of the damage dealt when it
   wounds a living foe.
   rF:        It protects you from fire.
   SInv:      It lets you see invisible.
 b - a +0 sling
 q - a +0 trident
 t - the +7 mace "Qutorphae" {antimagic, Fragile rPois Will- Int+9}
   (You found it on level 2 of the Dungeon)

   It reduces the magical energy of the wielder, and disrupts the spells and
   magical abilities of those it strikes.
   Natural abilities and divine invocations are not affected.
   Int:       It affects your intelligence (+9).
   rPois:     It protects you from poison.
   Fragile:   It will be destroyed if unequipped.
   Will:      It decreases your willpower.
Missiles
 f - 25 stones (quivered)
 l - 5 boomerangs
Armour
 c - a +0 buckler (worn)
 o - a +0 scale mail (worn)
Jewellery
 r - a ring of positive energy (left hand)
 y - an amulet of faith (around neck)
Wands
 m - a wand of quicksilver (5)
Scrolls
 h - a scroll of enchant weapon {unknown}
 j - 3 scrolls of identify
 k - a scroll of acquirement {unknown}
 n - a scroll of enchant armour {unknown}
 p - a scroll of amnesia {unknown}
 s - a scroll of immolation {unknown}
 u - 3 scrolls of magic mapping {unknown}
 v - a scroll of teleportation {unknown}
 w - a scroll of fog {unknown}
Potions
 d - a potion of might
 e - a potion of haste {unknown}
 g - 2 potions of resistance
 z - a potion of heal wounds {unknown}


   Skills:
 + Level 4.9 Fighting
 + Level 4.0 Polearms
 + Level 2.1 Ranged Weapons
 + Level 4.9 Armour
 + Level 5.0 Shields


You had 5 spell levels left.
You didn't know any spells.
Your spell library contained the following spells:

 Spells                   Type           Power      Damage    Failure   Level
 Portal Projectile        Hex/Tloc       0%         N/A       99%         3
 Tukima's Dance           Hex            0%         N/A       99%         3
 Petrify                  Tmut/Erth      0%         N/A       100%        4
 Blade Hands              Tmut           0%         N/A       100%        5
 Metabolic Englaciation   Hex/Ice        0%         N/A       100%        5
 Statue Form              Tmut/Erth      0%         N/A       100%        6


Dungeon Overview and Level Annotations

Branches:
Dungeon (5/15)
 Temple: D:4-7

Altars:
Kikubaaqudgha
Qazlal


Innate Abilities, Weirdness & Mutations

You have a pair of horns on your head.
You reflexively headbutt those who attack you in melee.
Your muscles are strong. (Str +4, Int/Dex -1)
You have hidden genetic defects.


Message History

The gnoll hits you with a +1 halberd of venom.
You are poisoned.
You hit the gnoll.
You feel better.
The gnoll is moderately wounded.
You feel very sick. The gnoll barely misses you.
You barely miss the gnoll.
The gnoll is moderately wounded.
You feel sick.
The gnoll hits you with a +1 halberd of venom!
You are more poisoned.
You completely miss the gnoll. You headbutt the gnoll!
The gnoll is severely wounded.
You feel extremely sick.
The gnoll hits you with a +1 halberd of venom.
You are more poisoned.
You completely miss the gnoll. Your headbutt misses the gnoll.
The gnoll is severely wounded.
* * * LOW HITPOINT WARNING * * *
You feel extremely sick. You block the gnoll's attack.
The gnoll barely misses you. You furiously retaliate!
You headbutt the gnoll!
You kill the gnoll!
You have reached level 6!
There is a lethal amount of poison in your body!
There is a lethal amount of poison in your body!
There is a lethal amount of poison in your body!
It was a potion of brilliance.
You feel clever all of a sudden.
* * * LOW HITPOINT WARNING * * *
You feel very sick.
It was a potion of degeneration.
There was something very wrong with that liquid.
You feel weakened.
You feel dopey.
You feel clumsy.
* * * LOW HITPOINT WARNING * * *
You feel very sick.
It was a potion of mutation.
You feel extremely strange.
You feel a hidden malignance growing inside you.
You feel stronger.
You die...

# .#
####.#
#....#
###....##
#.......#
#>.@)...#
#....)..#
###...###
#...#
##.## .#
.# .#


There were no monsters in sight!

Vanquished Creatures
  A scorpion (D:5)
  A gnoll bouda (D:5)
  An iguana (D:5)
  5 gnolls
  2 adders
  A worm (D:2)
  An orc (D:3)
  4 endoplasms
  7 giant cockroaches
  11 goblins
  10 hobgoblins
  3 jackals (D:1)
  3 kobolds
  5 quokkas
  5 ball pythons
  8 bats
  4 frilled lizards
  3 rats
75 creatures vanquished.

Notes
Turn   | Place    | Note
-------+----------+-------------------------------------------
     0 | D:1      | Metae the Minotaur Fighter began the quest for the Orb.
     0 | D:1      | Reached XP level 1. HP: 19/19 MP: 0/0
   323 | D:1      | Reached XP level 2. HP: 27/27 MP: 1/1
   582 | D:1      | Reached skill level 4 in Shields
   850 | D:1      | Found a faded altar of an unknown god.
  1056 | D:1      | Reached XP level 3. HP: 33/33 MP: 2/2
  1761 | D:2      | Identified the +1 trident of Massacring {vamp, rF+ SInv}
  2009 | D:2      | Identified the +7 mace "Qutorphae" {antimagic, Fragile
                  | rPois Will- Int+9}
  2564 | D:3      | Reached XP level 4. HP: 40/40 MP: 3/3
  2831 | D:3      | Found a stormy altar of Qazlal.
  2831 | D:3      | Found an ancient bone altar of Kikubaaqudgha.
  2899 | D:3      | You fall into a shaft and drop 2 floors!
  2899 | D:5      | Entered Level 5 of the Dungeon
  2914 | D:5      | Reached skill level 1 in Ranged Weapons
  2990 | D:5      | Noticed a scorpion
  3002 | D:5      | Killed a scorpion
  3003 | D:5      | Reached XP level 5. HP: 36/47 MP: 4/4
  3194 | D:5      | Reached skill level 5 in Shields
  3444 | D:4      | Reached XP level 6. HP: 10/55 MP: 5/5
  3445 | D:4      | HP: 1/55 [poisoned by a gnoll]
  3446 | D:4      | Gained mutation: You have hidden genetic defects. [potion
                  | of mutation]
  3446 | D:4      | Gained mutation: Your muscles are strong. (Str +4, Int/Dex
                  | -1) [potion of mutation]
  3446 | D:4      | Succumbed to a gnoll's poison

Illustrated notes

Levels and vault maps discovered:
D:1:      dpeg_arrival_chambers_temple_mockup, layout_basic,
          shapermc_ecumenical_altar_notcrosses, serial_curves, eino_curves_02,
          eino_curves_01, st_stairs_9
D:2:      layout_basic, minmay_goblin_outpost
D:3:      layout_basic, gammafunk_temple_overflow_elements,
          chequers_serial_rivers_large_a, serial_bayou_pond_e
D:4:      layout_loops_ring, general_overflow_altar,
          minmay_temple_entry_antechambers, cheibrodos_sewer_entry_bend,
          nicolae_wooded_promenade, chequers_serial_rivers_micro_c,
          minmay_box_of_dots, uniq_duvessa, uniq_grinder
D:5:      layout_loops_ring, lemuel_coloured_pillars_altar,
          chequers_serial_rivers_small_b, nicolae_stop_n_shop_1

Skill      XL: |  1  2  3  4  5 |
---------------+----------------+-----
Shields        | 4 5 |  5.0
Armour         | 4 |  4.9
Fighting       | 4 |  4.9
Polearms       | 3 4 |  4.0
Ranged Weapons | 1 2 |  2.1

Action                   |  1- 3 |  4- 6 || total
-------------------------+-------+-------++-------
Melee: Trident           |   129 |    70 ||   199
       Headbutt          |    11 |     4 ||    15
 Fire: Sling             |     9 |     1 ||    10
Throw: Stone             |       |     1 ||     1
  Use: Scroll            |     1 |       ||     1
       Potion            |       |     3 ||     3
Armor: Scale mail        |    61 |    23 ||    84
Dodge: Dodged            |    56 |    37 ||    93
Block: Buckler           |    28 |    12 ||    40
